 Dungeon Crawl Stone Soup version 0.20.1-1-g8b1a95d (webtiles) character file.

63869 fili the Bludgeoner (level 14, -16/210 (211) HPs)
             Began as a Minotaur Berserker on July 5, 2017.
             Was a Priest of Trog.
             Demolished by an orc warrior
             ... wielding a +0 dire flail
             ... led by an orc warlord
              (34 damage)
             ... on level 1 of the Orcish Mines on July 7, 2017.
             The game lasted 01:41:26 (25103 turns).

fili the Bludgeoner (Minotaur Berserker)           Turns: 25103, Time: 01:41:27

HP:   -16/210 (211) AC: 13    Str: 30    XL:     14   Next: 69%
MP:   4/4           EV:  8    Int:  4    God:    Trog [***...]
Gold: 1482          SH:  0    Dex: 12    Spells: 13/13 levels left

rFire    . . .     SeeInvis +   D - +7 great mace (antimagic)
rCold    . . .     Gourm    .   (shield currently unavailable)
rNeg     . . .     Faith    .   G - +0 plate armour
rPois    .         Spirit   .   (helmet restricted)
rElec    .         Reflect  .   z - scarf {cloud immunity}
rCorr    .         Harm     +   h - +0 pair of gloves
MR       ++++.                  v - +0 pair of boots
Stlth    ..........             C - amulet of harm
Regen    1.5/turn               A - ring of see invisible
MPRegen  0.1/turn               K - ring of protection from magic

@: berserking, regenerating, very quick
A: retaliatory headbutt, horns 2
a: Berserk, Trog's Hand, Burn Spellbooks, Renounce Religion


You were on level 1 of the Orcish Mines.
You worshipped Trog.
Trog was most pleased with you.
You were very hungry.

You visited 3 branches of the dungeon, and saw 20 of its levels.
You also visited: Ice Cave.

You collected 1482 gold pieces.

Inventory:

Hand Weapons
 D - a +7 antimagic great mace (weapon)
Missiles
 J - 6 steel tomahawks
 L - 3 exploding tomahawks
 P - 2 poisoned tomahawks (quivered)
Armour
 h - a +0 pair of gloves (worn)
 v - a +0 pair of boots (worn)
 z - a scarf of cloud immunity (worn)
 G - a +0 plate armour (worn)
Jewellery
 A - a ring of see invisible (left hand)
 C - an amulet of harm (around neck)
 K - a ring of protection from magic (right hand)
Wands
 a - a wand of confusion (23/48)
 l - a wand of polymorph (15/24)
 w - a wand of clouds (1/9)
 T - a wand of lightning (6/15)
 U - a wand of iceblast (3/15)
 X - a wand of acid (0/15)
Scrolls
 e - a scroll of fear
 k - a scroll of random uselessness {unknown}
 m - 6 scrolls of noise {unknown}
 o - 2 scrolls of magic mapping {unknown}
 s - a scroll of recharging {unknown}
 t - a scroll of enchant armour {unknown}
 x - 9 scrolls of remove curse
 B - 4 scrolls of fog {unknown}
 F - 3 scrolls of blinking {unknown}
 H - 8 scrolls of teleportation
 N - 2 scrolls of summoning {unknown}
 V - a scroll of brand weapon {unknown}
Potions
 b - 3 potions of haste
 d - 3 potions of agility
 f - 5 potions of might
 g - 8 potions of curing
 i - a potion of invisibility
 n - 3 potions of heal wounds
 p - 2 potions of cancellation {unknown}
 u - 2 potions of brilliance
 E - 4 potions of flight
Comestibles
 c - 6 bread rations
 j - 6 meat rations
 q - a chunk of flesh
 I - 9 royal jellies
 Q - 13 fruits


   Skills:
 * Level 17.9 Fighting
 * Level 19.0 Maces & Flails
 + Level 11.8 Throwing
 - Level 2.4 Armour
 - Level 2.1 Dodging
 - Level 3.2 Stealth


You had 13 spell levels left.
You didn't know any spells.

Dungeon Overview and Level Annotations

Branches:
Dungeon (13/15)            Temple (0/1) D:5            Lair (6/6) D:10
  Swamp (0/4) Lair:2       Spider (0/4) Lair:4        Slime (0/5) Lair:6
    Orc (1/2) D:10
 Vaults: D:13-14

Altars:
Sif Muna
Xom
Zin
Beogh
Jiyva

Shops:
D:6 *   D:11 [

Annotations:
D:6 Prince Ribbit
Lair:4 exclusion: oklob plant


Innate Abilities, Weirdness & Mutations

You reflexively headbutt those who attack you in melee.
You have a pair of horns on your head.


Message History

The orc warrior closely misses you. You furiously retaliate!
You headbutt the orc warrior! You bludgeon the orc warlord!!
The orc warlord is moderately wounded.
The orc warlord hits you with a great sword!!
* * * LOW HITPOINT WARNING * * *
The orc warrior hits you with a dire flail!
* * * LOW HITPOINT WARNING * * *
You sock the orc warlord! You headbutt the orc warlord!
The orc warlord is heavily wounded.
The orc hits you but does no damage.
The orc warrior hits you with a halberd!
* * * LOW HITPOINT WARNING * * *
You crush the orc warlord like a grape!!!
You kill the orc warlord!
Trog accepts your kill.
You hear a shout!
The warg barely misses you.
The orc warrior hits you with a dire flail!!
You die...

$... ...$.
.... ....
o.... #...
....###...
#..$#>..
#....o.
#...h###
#..oo@<#
##..oooo#
#.....o##
.....#...#
.....###...
#...# #....
.... ##....
o$. ....$.


You could see a warg, 2 orc warriors, an orc priest and 5 orcs.

Vanquished Creatures
  An acid blob (Lair:6)
  An orc warlord (Orc:1)
  A white draconian (IceCv)
  Snorg (D:10)
  8 hydras
  3 catoblepae (Lair:6)
  6 two-headed ogres
  A queen ant (D:11)
  8 death yaks
  Sonja (D:12)
  An unseen horror (D:11)
  Pikel (D:6)
  2 ugly things
  2 manticores (Lair:6)
  An elephant (Lair:3)
  An ice statue (IceCv)
  3 black mambas
  The ghost of gobwax the Arsonist, a novice DEFE of Vehumet (D:5)
  The ghost of Setanta the Chopper, a novice HuFi (D:4)
  10 spiny frogs
  2 gargoyles
  2 rime drakes
  6 komodo dragons
  A hornet (D:7)
  A troll (D:9)
  10 polar bears (IceCv)
  4 blink frogs (Lair:3)
  A slime creature (Lair:6)
  10 hippogriffs
  Sigmund (D:5)
  3 wyverns
  3 basilisks
  25 yaks
  A human (D:7)
  3 hogs (D:7)
  A steam dragon (D:10)
  A hungry ghost (D:10)
  3 vampire mosquitoes (D:12)
  Grum (Lair:1)
  13 soldier ants (D:11)
  14 water moccasins
  8 porcupines
  6 black bears
  11 ice beasts
  11 orc warriors
  2 sky beasts
  3 phantoms
  6 necrophages
  7 ogres
  An eye of draining (D:9)
  27 wolves
  A centaur (D:10)
  12 crocodiles
  3 big kobolds
  Blork the orc (D:6)
  21 bullfrogs
  A water moccasin zombie (D:9)
  A wyvern skeleton (D:9)
  3 scorpions
  2 troll zombies (D:10)
  5 killer bees (D:8)
  6 howler monkeys
  4 electric eels (Lair:3)
  5 crimson imps
  5 centaur zombies
  7 hounds
  4 jellies
  Crazy Yiuf (D:4)
  11 orc priests
  12 orc wizards
  2 bullfrog skeletons
  4 iguanas
  42 worker ants
  4 ogre zombies (D:10)
  A hound skeleton (D:7)
  2 worker ant zombies
  13 adders
  2 shadow imps (D:12)
  An ooze (D:2)
  An adder skeleton (D:9)
  3 worms
  4 leopard geckos
  72 orcs
  2 ball pythons
  3 bats
  3 giant cockroaches
  9 goblins
  6 hobgoblins
  9 jackals
  17 kobolds
  4 quokkas
  3 frilled lizards
  A giant cockroach zombie (D:5)
  3 goblin zombies (D:10)
  A hobgoblin skeleton (D:10)
  4 hobgoblin zombies (D:10)
  2 orc skeletons (D:10)
  10 orc zombies (D:10)
  3 rats (D:2)
578 creatures vanquished.

Vanquished Creatures (collateral kills)
  2 dire elephants (Lair:3)
  The ghost of polve the Basher, a journeyman DsBe of Trog (Lair:3)
  A hydra (Lair:1)
  2 death yaks (Lair:2)
  A spiny frog (Lair:3)
  5 polar bears (IceCv)
  A hippogriff (Lair:3)
  A yak (IceCv)
  A water moccasin (Lair:2)
  An orc priest (D:10)
  A hound (D:10)
  A worker ant (D:11)
  2 ogre zombies (D:10)
  2 kobolds (D:10)
  A goblin skeleton (D:10)
  A goblin zombie (D:10)
  3 orc zombies (D:10)
27 creatures vanquished.

Vanquished Creatures (others)
  A slave (D:6)
  An orc priest (D:6)
  An adder skeleton (D:6)
  An orc (D:6)
  10 fungi
  14 plants
  13 toadstools (Lair:3)
41 creatures vanquished.

Grand Total: 646 creatures vanquished

Notes
Turn   | Place    | Note
-------+----------+-------------------------------------------
     0 | D:1      | fili the Minotaur Berserker began the quest for the Orb.
     0 | D:1      | Reached XP level 1. HP: 19/19 MP: 0/0
   467 | D:1      | Reached XP level 2. HP: 27/27 MP: 1/1
   815 | D:1      | Reached skill level 4 in Maces & Flails
  1031 | D:2      | Reached XP level 3. HP: 18/34 MP: 2/2
  1759 | D:3      | Reached skill level 5 in Fighting
  1785 | D:3      | Reached XP level 4. HP: 42/42 MP: 3/3
  1896 | D:3      | Reached ** piety under Trog
  2067 | D:3      | Reached skill level 5 in Maces & Flails
  2221 | D:4      | Noticed an ogre
  2229 | D:4      | Killed an ogre
  2229 | D:4      | Reached skill level 1 in Stealth
  2229 | D:4      | Reached XP level 5. HP: 50/50 MP: 4/4
  2237 | D:4      | Reached skill level 6 in Maces & Flails
  2364 | D:4      | Noticed Setanta's ghost (novice HuFi)
  2377 | D:4      | Killed Setanta's ghost
  2377 | D:4      | Reached skill level 7 in Maces & Flails
  2377 | D:4      | Reached XP level 6. HP: 24/58 MP: 5/5
  2377 | D:4      | Reached XP level 7. HP: 27/64 MP: 6/6
  2738 | D:4      | Found a runed door.
  3160 | D:4      | Noticed Crazy Yiuf
  3164 | D:4      | Killed Crazy Yiuf
  3164 | D:4      | Reached skill level 8 in Maces & Flails
  3255 | D:5      | Entered Level 5 of the Dungeon
  3441 | D:5      | Noticed gobwax's ghost (novice DEFE)
  3451 | D:5      | Killed gobwax's ghost
  3451 | D:5      | Reached skill level 9 in Maces & Flails
  3468 | D:5      | Reached XP level 8. HP: 72/73 MP: 7/7
  3753 | D:5      | Found a staircase to the Ecumenical Temple.
  3932 | D:5      | Noticed Sigmund
  3938 | D:5      | Killed Sigmund
  4019 | D:5      | Reached skill level 10 in Maces & Flails
  4144 | D:6      | Noticed Prince Ribbit
  4506 | D:6      | Noticed Blork the orc
  4512 | D:6      | Killed Blork the orc
  4606 | D:6      | Found Haonea's General Store.
  4691 | D:6      | Noticed Pikel
  4701 | D:6      | Killed Pikel
  4701 | D:6      | Reached skill level 11 in Maces & Flails
  4701 | D:6      | Reached XP level 9. HP: 82/82 MP: 8/8
  4751 | D:6      | Reached *** piety under Trog
  5333 | D:7      | Reached skill level 12 in Maces & Flails
  5675 | D:7      | Reached skill level 10 in Fighting
  5794 | D:7      | Got a faintly glowing large shield
  5800 | D:7      | Identified the +0 large shield of the Spheres {rPois rF++ Str+2 Slay-2} (You found it on level 7 of the Dungeon)
  5880 | D:7      | Found a deep blue altar of Sif Muna.
  6103 | D:7      | Reached skill level 1 in Throwing
  6112 | D:7      | Reached skill level 13 in Maces & Flails
  6117 | D:7      | Reached XP level 10. HP: 62/94 MP: 9/9
  6730 | D:8      | Noticed a two-headed ogre
  6739 | D:8      | Killed a two-headed ogre
  6786 | D:8      | Reached **** piety under Trog
  7544 | D:9      | Reached skill level 5 in Throwing
  7745 | D:9      | Noticed a two-headed ogre
  7753 | D:9      | Killed a two-headed ogre
  7753 | D:9      | Reached skill level 14 in Maces & Flails
  7993 | D:10     | Entered Level 10 of the Dungeon
  8059 | D:10     | Reached XP level 11. HP: 82/104 MP: 10/10
  8475 | D:10     | Found a staircase to the Lair.
  8724 | D:10     | Found a staircase to the Orcish Mines.
  8742 | D:10     | Received a gift from Trog
  8767 | D:10     | Reached ***** piety under Trog
  8810 | D:10     | Received a gift from Trog
  8888 | D:10     | Noticed a two-headed ogre
  8896 | D:10     | Killed a two-headed ogre
  8999 | D:10     | Noticed Snorg
  9012 | D:10     | Killed Snorg
  9618 | D:10     | Found a roughly hewn altar of Beogh.
  9734 | D:11     | Noticed a two-headed ogre
  9745 | D:11     | Killed a two-headed ogre
  9795 | D:11     | Found Cinlod's Armour Shop.
  9914 | D:11     | Noticed a two-headed ogre
  9923 | D:11     | Killed a two-headed ogre
  9923 | D:11     | Reached skill level 15 in Maces & Flails
 10048 | D:11     | Received a gift from Trog
 10097 | D:11     | Noticed a queen ant
 10117 | D:11     | Killed a queen ant
 10150 | D:11     | Reached XP level 12. HP: 53/114 MP: 11/11
 10315 | D:11     | Received a gift from Trog
 10571 | D:12     | Noticed a two-headed ogre
 10583 | D:12     | Killed a two-headed ogre
 11506 | D:12     | Reached skill level 16 in Maces & Flails
 11947 | D:12     | Noticed Sonja
 12212 | D:12     | Identified the Grimoire of Creative Self-Knowledge
 12538 | D:12     | Killed Sonja
 12600 | D:13     | Noticed a death knight
 12946 | Lair:1   | Entered Level 1 of the Lair of Beasts
 13185 | Lair:1   | Noticed Grum
 13199 | Lair:1   | Killed Grum
 13199 | Lair:1   | Received a gift from Trog
 13289 | Lair:1   | Noticed an eight-headed hydra
 13293 | Lair:1   | Killed an eight-headed hydra
 13885 | Lair:2   | Found a staircase to the Swamp.
 13885 | Lair:2   | Noticed a four-headed hydra
 14035 | Lair:1   | Killed a four-headed hydra
 14744 | Lair:2   | Noticed a seven-headed hydra
 14751 | Lair:2   | Killed a seven-headed hydra
 14751 | Lair:2   | Reached skill level 15 in Fighting
 14751 | Lair:2   | Reached skill level 10 in Throwing
 14751 | Lair:2   | Reached XP level 13. HP: 101/125 MP: 12/12
 14784 | Lair:2   | Received a gift from Trog
 15266 | Lair:2   | Reached skill level 17 in Maces & Flails
 15952 | Lair:2   | You fall through a shaft!
 15969 | Lair:3   | Noticed polve's ghost (journeyman DsBe)
 15986 | Lair:3   | Killed polve's ghost
 17694 | Lair:3   | Found a runed door.
 17896 | Lair:3   | Noticed a dire elephant
 17896 | Lair:3   | Noticed a dire elephant
 17904 | Lair:3   | Killed a dire elephant
 17909 | Lair:3   | Killed a dire elephant
 18544 | Lair:4   | Received a gift from Trog
 18814 | Lair:4   | Found a hole to the Spider Nest.
 18873 | Lair:4   | Found a shimmering altar of Xom.
 19377 | Lair:5   | Found a frozen archway.
 19499 | IceCv    | Entered an ice cave
 19537 | IceCv    | Received a gift from Trog
 19545 | IceCv    | Reached skill level 18 in Maces & Flails
 20721 | IceCv    | Reached XP level 14. HP: 66/137 MP: 13/13
 21360 | IceCv    | Got an ebony halberd
 21361 | IceCv    | Identified the +7 halberd "Voyr" {antimagic, Str+6} (You found it in an ice cave)
 21845 | Lair:5   | Found a glowing silver altar of Zin.
 22418 | Lair:6   | Entered Level 6 of the Lair of Beasts
 22471 | Lair:6   | Found a viscous altar of Jiyva.
 22471 | Lair:6   | Found a staircase to the Slime Pits.
 22487 | Lair:6   | Noticed an acid blob
 22515 | Lair:6   | Killed an acid blob
 23792 | Lair:6   | Received a gift from Trog
 24300 | Lair:6   | Received a gift from Trog
 24582 | Lair:6   | Got a bloodstained broad axe
 24583 | Lair:6   | Identified the +0 broad axe "Hiruzxun" {chop, rElec rF+ rC+} (You found it on level 6 of the Lair of Beasts)
 24707 | Lair:6   | Reached skill level 19 in Maces & Flails
 25025 | Orc:1    | Entered Level 1 of the Orcish Mines
 25026 | Orc:1    | Noticed an orc warlord
 25102 | Orc:1    | Killed an orc warlord
 25103 | Orc:1    | Demolished by an orc warrior

Skill      XL: |  1  2  3  4  5  6  7  8  9 10 11 12 13 14 |
---------------+-------------------------------------------+-----
Fighting       | 4 5 6 7 8 10 11 13 15 16 17 | 17.9
Maces & Flails | 4 5 7 9 11 13 14 15 16 18 19 | 19.0
Stealth        | 1 2 3 |  3.2
Throwing       | 2 5 8 10 11 | 11.8
Armour         | |  2.4
Dodging        | |  2.1

Action                   |  1- 3 |  4- 6 |  7- 9 | 10-12 | 13-15 || total
-------------------------+-------+-------+-------+-------+-------++-------
Melee: Mace              |    80 |    50 |    27 |       |       ||   157
       Headbutt          |    10 |    12 |    63 |   208 |   151 ||   444
       Flail             |       |       |   265 |  1009 |   436 ||  1710
       Great mace        |       |       |       |       |   135 ||   135
Throw: Tomahawk          |       |       |       |    49 |    81 ||   130
Invok: Berserk           |       |     2 |     2 |     4 |     5 ||    13
       Trog's Hand       |       |     1 |     5 |    14 |     8 ||    28
       Brothers in Arms  |       |       |       |     4 |     8 ||    12
       Burn Spellbooks   |       |       |       |     2 |     2 ||     4
Evoke: Wand              |       |       |       |     2 |     3 ||     5
  Use: Scroll            |       |       |     9 |     8 |     5 ||    22
       Potion            |       |       |     1 |     1 |       ||     2
 Stab: Distracted        |       |       |     1 |     1 |       ||     2
  Eat: Chunk             |     1 |     3 |    15 |    30 |    21 ||    70
       Royal jelly       |     1 |       |       |     2 |     2 ||     5
       Fruit             |       |       |     1 |     2 |     5 ||     8
       Meat ration       |       |       |       |     1 |       ||     1
       Bread ration      |       |       |       |       |     3 ||     3
Armor: Animal skin       |    16 |       |       |       |       ||    16
       Ring mail         |     3 |    16 |     1 |       |       ||    20
       Plate armour      |       |       |   189 |   544 |   377 ||  1110
Dodge: Dodged            |    48 |    32 |    97 |    70 |   113 ||   360
Block: Large shield      |       |       |    12 |   604 |   348 ||   964
